 Dungeon Crawl Stone Soup version 0.22.0-38-g04b72b8 (webtiles) character file.

1278 JeffiDaFish the Covered (level 8, -2/53 HPs)
             Began as a Gargoyle Fighter on Aug 30, 2018.
             Was a Follower of Okawaru.
             Slain by a killer bee (4 damage)
             ... on level 5 of the Dungeon.
             The game lasted 00:10:42 (4385 turns).

JeffiDaFish the Covered (Gargoyle Fighter)          Turns: 4385, Time: 00:10:42

Health: -2/53      AC: 14    Str: 28    XL:     8   Next: 54%
Magic:  7/8        EV:  8    Int:  8    God:    Okawaru [*.....]
Gold:   246        SH: 11    Dex:  9    Spells: 7/7 levels left

rFire    . . .     SeeInvis .   a - +0 flail
rCold    . . .     Gourm    .   c - +1 shield
rNeg     + . .     Faith    .   b - +0 scale mail
rPois    ∞         Spirit   .   (no helmet)
rElec    +         Reflect  .   d - +0 cloak
rCorr    .         Harm     .   (no gloves)
MR       .....                  (no boots)
Stlth    +.........             (no amulet)
HPRegen  0.17/turn              k - ring of stealth
MPRegen  0.11/turn              (no ring)

@: mighty
A: negative energy resistance 1, electricity resistance, unbreathing,
petrification resistance, rot immunity, AC +5
a: Heroism, Renounce Religion


You were on level 5 of the Dungeon.
You worshipped Okawaru.
Okawaru was aware of your devotion.
You were not hungry.

You visited 2 branches of the dungeon, and saw 6 of its levels.
You also visited: Sewer.

You collected 246 gold pieces.

Inventory:

Hand Weapons
 a - a +0 flail (weapon)
Armour
 b - a +0 scale mail (worn)
 c - a +1 shield (worn)
 d - a +0 cloak (worn)
Jewellery
 k - a ring of stealth (left hand)
Scrolls
 e - 2 scrolls of remove curse
 j - 2 scrolls of amnesia
 o - 2 scrolls of magic mapping
 p - 6 scrolls of identify
Potions
 h - a potion of flight
 i - a potion of might
 l - 7 potions of curing
 m - a potion of agility
 n - 2 potions of heal wounds
Comestibles
 f - 5 rations
 q - 6 chunks of flesh


   Skills:
 * Level 7.1 Fighting
 + Level 4.3 Maces & Flails
 * Level 7.2 Armour
 + Level 5.6 Shields


You had 7 spell levels left.
You didn't know any spells.
Your spell library was empty.

Dungeon Overview and Level Annotations

Branches:
Dungeon (5/15)             Temple (1/1) D:4

Altars:
Ashenzari
Fedhas
Gozag
Hepliaklqana
Kikubaaqudgha
Nemelex Xobeh
Okawaru
Qazlal
Ru
Trog
Wu Jian
Xom
Yredelemnul
Zin


Innate Abilities, Weirdness & Mutations

You are resistant to torment.
Your stone body is resilient. (AC +5)
You are immune to poison.
You resist negative energy. (rN+)
You are resistant to electric shocks. (rElec)
You can survive without breathing.
You are immune to petrification.
You are immune to rotting.


Message History

The ball python bites you but does no damage.
The ball python constricts you.
The ball python's grasp on you weakens, but your attempt to escape fails.
You block the killer bee's attack.
The killer bee stings you but does no damage.
The hound bites you but does no damage.
The killer bee stings you but does no damage. x2
The ball python barely misses you.
* * * LOW HITPOINT WARNING * * *
The ball python constricts you.
You escape the ball python's grasp.
The killer bee stings you.
* * * LOW HITPOINT WARNING * * *
You block the killer bee's attack. The killer bee barely misses you.
The ball python bites you but does no damage.
The ball python barely misses you.
You hit the centaur.
The centaur is lightly wounded.
The killer bee stings you but does no damage.
The killer bee stings you.
You die...

#........##.#...#
+...#######.#...# #...#
#........# #...#
#........# #...#
#.(....###
#...####(......#####
#....a.....#.........
####..cSyyOw.#)#...#####
#......@yh#.#._.#..#
#....######..#.#..##
#...†# #ca.#...# #....#
#S......# #..).#
#....#### ###### #.####
#O# ... ..


You could see an ogre, a centaur, a worm, a hound, a worker ant, 3 killer bees
and a ball python.

Vanquished Creatures
  Grinder (D:5)
  Eustachio (D:5)
  An ice beast (D:4)
  The ghost of THUG4L1F3 the Poker, an amateur MfGl (D:3)
  A centaur (D:5)
  2 big kobolds (Sewer)
  A killer bee (D:5)
  A howler monkey (D:2)
  2 hounds
  Jessica (D:2)
  An iguana (D:5)
  3 worker ants
  8 adders
  7 river rats (Sewer)
  5 worms
  3 dart slugs
  2 leopard geckos
  6 giant cockroaches
  9 goblins
  5 hobgoblins
  6 jackals
  3 quokkas
  4 ball pythons (Sewer)
  9 bats
  7 frilled lizards
  21 kobolds
  43 rats
154 creatures vanquished.

Notes
Turn   | Place    | Note
-------+----------+-------------------------------------------
     0 | D:1      | JeffiDaFish the Gargoyle Fighter began the quest for the Orb.
     0 | D:1      | Reached XP level 1. HP: 14/14 MP: 1/1
   130 | D:1      | Reached XP level 2. HP: 15/19 MP: 2/2
   865 | D:2      | Reached XP level 3. HP: 24/24 MP: 3/3
   873 | D:2      | Noticed Jessica
   879 | D:2      | Killed Jessica
   879 | D:2      | Reached XP level 4. HP: 28/29 MP: 4/4
  1171 | D:2      | Reached XP level 5. HP: 29/34 MP: 5/5
  1226 | D:2      | Found a shimmering altar of Xom.
  1233 | D:2      | Found a shimmering altar of Xom.
  1369 | D:2      | Found a faded altar of an unknown god.
  1532 | D:3      | Found a shattered altar of Ashenzari.
  1560 | D:3      | Found a runed door.
  1561 | D:3      | Noticed THUG4L1F3's ghost (amateur MfGl)
  1583 | D:3      | Killed THUG4L1F3's ghost
  1583 | D:3      | Reached XP level 6. HP: 9/40 MP: 6/6
  1827 | D:3      | Reached skill level 5 in Armour
  1912 | D:3      | Found a glowing drain.
  1916 | Sewer    | Entered a sewer
  1936 | Sewer    | Reached skill level 5 in Fighting
  2403 | Sewer    | Reached XP level 7. HP: 29/44 MP: 7/7
  3689 | D:4      | Found a staircase to the Ecumenical Temple.
  3695 | Temple   | Entered the Ecumenical Temple
  3702 | Temple   | Became a worshipper of Warmaster Okawaru
  3899 | D:4      | Reached skill level 5 in Shields
  4232 | D:5      | Entered Level 5 of the Dungeon
  4250 | D:5      | Found an iron altar of Okawaru.
  4251 | D:5      | Noticed Eustachio
  4252 | D:5      | Noticed Grinder
  4258 | D:5      | Paralysed by Grinder for 4 turns
  4282 | D:5      | Paralysed by Grinder for 7 turns
  4294 | D:5      | Paralysed by Grinder for 4 turns
  4300 | D:5      | Killed Grinder
  4300 | D:5      | Reached XP level 8. HP: 30/52 MP: 8/8
  4318 | D:5      | Killed Eustachio
  4318 | D:5      | Reached * piety under Okawaru
  4384 | D:5      | HP: 2/53 [killer bee (3)]
  4385 | D:5      | Slain by a killer bee

Skill      XL: |  1  2  3  4  5  6  7  8 |
---------------+-------------------------+-----
Fighting       | 4 5 6 7 |  7.1
Armour         | 4 5 6 7 |  7.2
Shields        | 4 5 |  5.6
Maces & Flails | 3 4 |  4.3

Action                   |  1- 3 |  4- 6 |  7- 9 || total
-------------------------+-------+-------+-------++-------
Melee: Flail             |    73 |   340 |   249 ||   662
Invok: Heroism           |       |       |     1 ||     1
  Use: Scroll            |     5 |     4 |     3 ||    12
       Potion            |     2 |     5 |     7 ||    14
  Eat: Chunk             |       |     6 |     4 ||    10
       Ration            |       |       |     1 ||     1
Armor: Scale mail        |    42 |   232 |   228 ||   502
Dodge: Dodged            |    27 |   143 |   116 ||   286
Block: Shield            |    45 |   258 |   205 ||   508
